cohdb
Replays
Latest Replays
All Replays
Popular Replays
Top Player Replays
Match Explorer
How It Works
Community
CoH3 Stats
Reddit
Sign in to upload your games and track your stats! →
Sign in with Steam
Match 42230128
Unlisted
Match 42230128
Overview
Messages
Build Orders
End
Construct Barracks
Selects Special Operations Battlegroup
Construct Weapon Support Center
Scout Squad
Sniper
M1919 Machine Gun Team
Construct Medical Station
Construct Medical Station
Selects M29 Weasel with M1 Pack Howitzer
M29 Weasel with M1 Pack Howitzer
Engineer Squad
Air Support Center
Double Sortie
M3 Armored Personnel Carrier
P-47 Strafing Run
Air Supremacy
Grasshopper Recon Run
P-47 Strafing Run
P-47 Dive Bomb
Grasshopper Recon Run
P-47 Strafing Run
M1919 Machine Gun Team
Selects P-47 Anti-Infantry Loiter
P-47 Anti-Infantry Loiter
Scout Squad
Grasshopper Recon Run
Selects UNKNOWN (2162291)
P-47 Strafing Run
Construct Tank Depot
Selects Raiding Flares
P-47 Dive Bomb
Grasshopper Recon Run
P-47 Strafing Run
P-47 Dive Bomb
M18 Hellcat Tank Destroyer
Selects SSF Commando Squad
Grasshopper Recon Run
M18 Hellcat Tank Destroyer
Ardy
kenleung
Licking the dog
SI-LAY-COW
diango40
Pretoryan
Dutnik
oskyks1
0
0
Comments
sign in to comment!
No comments posted yet!